 Dungeon Crawl Stone Soup version 0.27.1-1-g398f81649c (webtiles) character file.

Game seed: 14211811092322684046

4003 speeev33 the Cleaver (level 10, -2/91 HPs)
             Began as a Hill Orc Fighter on Sept 17, 2021.
             Was a Priest of Okawaru.
             Killed from afar by a deep elf zephyrmancer (21 damage)
             ... with a bolt of lightning
             ... summoned by a worldbinder
             ... on level 1 of the Abyss.
             The game lasted 00:12:17 (7965 turns).

speeev33 the Cleaver (Hill Orc Fighter)             Turns: 7965, Time: 00:12:18

Health: -2/91      AC: 23    Str: 26    XL:     10   Next: 23%
Magic:  10/10      EV:  6    Int:  8    God:    Okawaru [***...]
Gold:   165        SH:  0    Dex: 10    Spells: 9/9 levels left

rFire    . . .     SeeInvis +   a - +0 war axe
rCold    + + +     Faith    .   c - +0 kite shield
rNeg     . . .     Spirit   .   s - +7 plate armour of Sloth {rPois}
rPois    +         Reflect  .   (no helmet)
rElec    .         Harm     .   (no cloak)
rCorr    .         Rampage  .   g - +0 pair of gloves
Will     .....                  m - +0 pair of boots
Stlth    ..........             u - amulet "Vuzic" {Acrobat rC+++ Regen+ Str-3 SInv}
HPRegen  1.25/turn              e - +6 ring of strength
MPRegen  0.12/turn              f - +4 ring of slaying

@: confused, ambrosia-drunk, studying Short Blades
A: no striking features
a: Renounce Religion, Heroism


You were on level 1 of the Abyss.
You worshipped Okawaru.
Okawaru was most pleased with you.
You visited 2 branches of the dungeon, and saw 10 of its levels.
You visited the Abyss 1 time.

You collected 165 gold pieces.

Inventory:

Hand Weapons
 a - a +0 war axe (weapon)
 q - a +0 morningstar
Missiles
 b - 4 throwing nets (quivered)
Armour
 c - a +0 kite shield (worn)
 g - a +0 pair of gloves (worn)
 j - a +1 tower shield
 m - a +0 pair of boots (worn)
 s - the +7 plate armour of Sloth (worn) {rPois}
   (You found it on level 8 of the Dungeon)

   rPois:     It protects you from poison.
Jewellery
 e - a +6 ring of strength (left hand)
 f - a +4 ring of slaying (right hand)
 u - the amulet "Vuzic" (around neck) {Acrobat rC+++ Regen+ Str-3 SInv}
   (You acquired it on level 7 of the Dungeon)

   [amulet of the acrobat]

   It increases your evasion while moving and waiting.
   Str:       It affects your strength (-3).
   rC:        It renders you almost immune to cold.
   SInv:      It lets you see invisible.
   Regen:     It increases your rate of health regeneration.
Wands
 l - a wand of charming (4)
 o - a wand of flame (15)
Scrolls
 d - a scroll of silence
 n - 2 scrolls of teleportation
 p - 2 scrolls of fog
 r - a scroll of enchant armour
 v - a scroll of blinking {unknown}
 w - a scroll of identify
Potions
 i - a potion of berserk rage
 k - 3 potions of flight
 t - a potion of curing {unknown}


   Skills:
 + Level 9.4 Fighting
 + Level 9.8 Axes
 + Level 8.6 Armour
 + Level 8.6 Shields


You had 9 spell levels left.
You didn't know any spells.
Your spell library contained the following spells:

 Spells                   Type           Power      Damage    Failure   Level
 Sandblast                Erth           0%         2d4       100%        1
 Shock                    Conj/Air       0%         1d3       100%        1
 Passwall                 Tmut/Erth      0%         N/A       100%        2
 Swiftness                Air            0%         N/A       100%        3
 Airstrike                Air            0%         N/A       100%        4
 Lee's Rapid Deconstruct  Erth           0%         3d5*      100%        5


Dungeon Overview and Level Annotations

Branches:
Dungeon (9/15)             Temple (1/1) D:5
   Lair: D:8-11         Orc: D:9-12

Altars:
Dithmenos
Hepliaklqana
Kikubaaqudgha
Makhleb
Okawaru
Qazlal
Sif Muna
Vehumet

Shops:
D:6 :

Annotations:
D:2 Sigmund
D:8 Psyche


Message History

You hit the worldbinder.
You block the thrashing horror's attack.
The thrashing horror tramples you.
* * * LOW HITPOINT WARNING * * *
You hold your ground!
The worldbinder calls forth creatures from the Elven Halls!
The fire giant skeleton hits you!
* * * LOW HITPOINT WARNING * * *
The worldbinder hits you but does no damage. x2
You closely miss the deep elf pyromancer.
You hit the fire giant skeleton. You hit the worldbinder.
The deep elf pyromancer disappears in a puff of smoke!
The worldbinder barely misses you. You block the worldbinder's attack.
The thrashing horror tramples you.
* * * LOW HITPOINT WARNING * * *
You hold your ground!
You block the thrashing horror's attack.
You block the fire giant skeleton's attack.
The deep elf knight mumbles some strange words.
The deep elf knight seems to speed up.
The worldbinder hits you but does no damage.
The worldbinder barely misses you.
You slice the thrashing horror!!
The thrashing horror is moderately damaged.
You hit the worldbinder but do no damage.
You slash the fire giant skeleton!
You block the thrashing horror's attack. x3
The thrashing horror barely misses you.
The worldbinder hits you but does no damage.
The worldbinder hits you.
* * * LOW HITPOINT WARNING * * *
The fire giant skeleton barely misses you.
You are confused.
You feel invigorated.
The thrashing horror barely misses you. x2
The worldbinder hits you.
* * * LOW HITPOINT WARNING * * *
The worldbinder hits you but does no damage.
The deep elf zephyrmancer gestures at you while chanting.
The bolt of lightning hits you!!
You die...

#. #..#### # #
.#. .#..#
.#....... #..##..
... ... #.
............... #
........# .....
.. .......
##....# ...
.......###...(##.
# ..:..exZ#......
## #@....... ...
#..e.#........ ..
#....X.#.......#
#
.......###......
.# ###..#.
###.... .# ......
##..... .... ..
#.#..# ..#. .. ##
###


You could see a deep elf knight (summoned, fast), a thrashing horror, a
worldbinder, a deep elf zephyrmancer (summoned) and a fire giant skeleton.

Vanquished Creatures
  Harold (D:7)
  4 yaks (D:5)
  A water moccasin (D:5)
  A small abomination (Abyss:1)
  2 sky beasts
  3 orc warriors
  4 ogres
  A phantom (D:5)
  4 bullfrogs
  Blork the orc (D:6)
  2 scorpions
  2 water moccasin skeletons (D:6)
  3 wights (D:8)
  A howler monkey (D:5)
  A bullfrog zombie (D:5)
  A centaur zombie (D:4)
  3 jellies
  2 orc priests
  2 hounds
  A bullfrog skeleton (D:4)
  A gnoll shaman (D:8)
  2 centaur skeletons
  A scorpion zombie (D:5)
  6 orc wizards
  Natasha (D:2)
  A statue (D:4)
  A hound skeleton (D:4)
  4 gnolls (D:8)
  A howler monkey skeleton (D:6)
  9 adders
  3 white imps
  An ufetubus (D:6)
  A worm (D:3)
  A dart slug (D:2)
  29 orcs
  5 ball pythons
  7 endoplasms
  7 giant cockroaches
  6 goblins
  3 hobgoblins
  4 quokkas
  2 bats (D:3)
  3 frilled lizards
  7 kobolds
  6 rats
152 creatures vanquished.

Vanquished Creatures (others)
  A two-headed ogre (D:9)
  3 fungi (D:6)
4 creatures vanquished.

Grand Total: 156 creatures vanquished

Notes
Turn   | Place    | Note
-------+----------+-------------------------------------------
     0 | D:1      | speeev33 the Hill Orc Fighter began the quest for the Orb.
     0 | D:1      | Reached XP level 1. HP: 19/19 MP: 1/1
   226 | D:1      | Reached XP level 2. HP: 27/27 MP: 2/2
   259 | D:1      | Found a faded altar of an unknown god.
   796 | D:2      | Reached XP level 3. HP: 27/33 MP: 3/3
  1157 | D:2      | Noticed Sigmund
  1381 | D:2      | Noticed Natasha
  1385 | D:2      | Killed Natasha
  1386 | D:2      | Reached XP level 4. HP: 27/40 MP: 4/4
  1775 | D:3      | Found a shimmering blue altar of Sif Muna.
  2452 | D:4      | Reached XP level 5. HP: 47/47 MP: 5/5
  2641 | D:4      | Reached skill level 5 in Fighting
  2641 | D:4      | Reached XP level 6. HP: 56/56 MP: 6/6
  2642 | D:4      | Found a radiant altar of Vehumet.
  2901 | D:4      | Reached skill level 5 in Axes
  3029 | D:4      | Noticed a sky beast
  3038 | D:4      | Killed a sky beast
  3039 | D:4      | Reached skill level 5 in Armour
  3039 | D:4      | Reached skill level 5 in Shields
  3039 | D:4      | Reached XP level 7. HP: 60/61 MP: 7/7
  3102 | D:4      | Found a stormy altar of Qazlal.
  3641 | D:5      | Entered Level 5 of the Dungeon
  3658 | D:5      | Noticed a yak
  3659 | D:5      | Noticed a yak
  3659 | D:5      | Noticed a yak
  3660 | D:5      | Noticed a yak
  3682 | D:5      | Killed a yak
  3689 | D:5      | Killed a yak
  3690 | D:5      | Reached XP level 8. HP: 11/71 MP: 8/8
  3692 | D:5      | Killed a yak
  3695 | D:5      | Killed a yak
  4031 | D:5      | Found a staircase to the Ecumenical Temple.
  4046 | Temple   | Entered the Ecumenical Temple
  4115 | Temple   | Became a worshipper of Warmaster Okawaru
  4132 | D:5      | Found a shadowy altar of Dithmenos.
  5193 | D:5      | Found a hazy altar of Hepliaklqana.
  5331 | D:6      | Reached XP level 9. HP: 54/79 MP: 9/9
  5347 | D:6      | Reached * piety under Okawaru
  5742 | D:6      | Noticed Blork the orc
  5751 | D:6      | Killed Blork the orc
  6295 | D:6      | Found Waroa's Book Shop.
  6379 | D:6      | You fall into a shaft and drop 3 floors!
  6394 | D:9      | Killed a two-headed ogre
  6514 | D:7      | Noticed Harold
  6529 | D:7      | Killed Harold
  6529 | D:7      | Reached ** piety under Okawaru
  7293 | D:7      | Reached XP level 10. HP: 83/91 MP: 10/10
  7683 | D:7      | Identified a scroll of acquirement
  7683 | D:7      | Acquired the amulet "Vuzic" {Acrobat rC+++ Regen+ Str-3
                  | SInv}
  7791 | D:8      | Reached *** piety under Okawaru
  7852 | D:8      | Identified the +7 plate armour of Sloth {rPois}
  7877 | D:8      | Noticed Psyche
  7888 | D:8      | Cast into level 1 of the Abyss (Psyche)
  7945 | Abyss:1  | Noticed a worldbinder
  7953 | Abyss:1  | Noticed a deep elf zephyrmancer
  7953 | Abyss:1  | Noticed a deep elf archer
  7953 | Abyss:1  | Noticed a deep elf pyromancer
  7956 | Abyss:1  | Noticed a thrashing horror
  7959 | Abyss:1  | Noticed a deep elf pyromancer
  7959 | Abyss:1  | Noticed a deep elf zephyrmancer
  7959 | Abyss:1  | Noticed a deep elf pyromancer
  7963 | Abyss:1  | Noticed a deep elf zephyrmancer
  7963 | Abyss:1  | Noticed a deep elf knight
  7963 | Abyss:1  | Noticed a deep elf pyromancer
  7965 | Abyss:1  | Killed from afar by a deep elf zephyrmancer

Illustrated notes

Levels and vault maps discovered:
D:1:      dpeg_arrival_rhombus, layout_loops_ring, basic_ecumenical_altar,
          chequers_mini_garden
D:2:      layout_loops_cross, minmay_misc_feat_square, roderic_roman_lattice,
          minmay_misc_feat_chi, uniq_natasha, uniq_sigmund
D:3:      layout_basic, nicolae_sif_muna_condensation
D:4:      layout_loops_corners, lemuel_doored_altar, vehumet_statue,
          amcnicky_mini_corridor_feature, kennysheep_generic_room_13
D:5:      layout_basic, nzn_hepliaklqana_mist_gate,
          nicolae_dithmenos_through_a_glass_darkly, minmay_temple_entry_mist,
          moated_statue
D:6:      layout_basic, serial_shops, nicolae_shop_behind_doors,
          serial_aquarium, aquarium_bridge_straight [aquarium_subvault_bridge,
          aquarium_subvault_balcony, aquarium_subvault_bridge,
          aquarium_subvault_window], aquarium_window_2, aquarium_window_1,
          aquarium_window_fake, aquarium_view_2c, aquarium_pool_1,
          minmay_misc_feat_more_columns, minmay_manual_mail, uniq_blork_the_orc
D:7:      layout_cave_pools, uniq_harold
D:8:      layout_loops_ring, nicolae_gozag_seed_capital, ebering_ghost_xom,
          kennysheep_decorative_pillar, uniq_gastronok, uniq_maurice,
          uniq_psyche
D:9:      cheibrodos_barr_body, layout_irregular_city,
          mainiacjoe_overflow_cross_hatched, xom_confusion_cloud,
          nicolae_zen_rock_garden
Temple:   nicolae_temple_figure_eight
Abyss:1:  base:
D:7

Skill      XL: |  1  2  3  4  5  6  7  8  9 |
---------------+----------------------------+-----
Axes           | 3 4 5 6 7 9 |  9.8
Fighting       | 4 5 6 7 9 |  9.4
Armour         | 4 5 6 8 |  8.6
Shields        | 4 5 6 8 |  8.6

Action                   |  1- 3 |  4- 6 |  7- 9 | 10-12 || total
-------------------------+-------+-------+-------+-------++-------
Melee: War axe           |    73 |    96 |   205 |    73 ||   447
Invok: Heroism           |       |       |     2 |     1 ||     3
Evoke: Wand              |       |       |       |     6 ||     6
  Use: Scroll            |     2 |     3 |     3 |     3 ||    11
       Potion            |       |       |     2 |     1 ||     3
Armor: Scale mail        |    36 |    41 |    58 |       ||   135
       Chain mail        |       |       |     2 |    14 ||    16
       Plate armour      |       |       |       |    25 ||    25
Dodge: Dodged            |    16 |    31 |    66 |    29 ||   142
Block: Kite shield       |    44 |    52 |   124 |    56 ||   276
